 Dungeon Crawl Stone Soup version 0.22.1-2-g9c5b331 (webtiles) character file.

4666 matakusis the Summoner (level 10, -1/55 HPs)
             Began as a Deep Elf Summoner on Dec 16, 2018.
             Was a Believer of Sif Muna.
             Hit by a large rock thrown by a cyclops (24 damage)
             ... on level 11 of the Dungeon.
             The game lasted 00:55:37 (10740 turns).

matakusis the Summoner (Deep Elf Summoner)         Turns: 10740, Time: 00:55:37

Health: -1/55      AC:  9    Str:  5    XL:     10   Next: 20%
Magic:  10/25      EV: 16    Int: 24    God:    Sif Muna [**....]
Gold:   395        SH:  0    Dex: 15    Spells: 14/27 levels left

rFire    . . .     SeeInvis .   b - +7 dire flail of the Spectre {freeze, rPois}
rCold    . . .     Gourm    .   (shield currently unavailable)
rNeg     . . .     Faith    .   m - +1 robe {MR+}
rPois    +         Spirit   .   k - +2 helmet
rElec    .         Reflect  .   y - +0 cloak
rCorr    .         Harm     .   (no gloves)
MR       ++...                  (no boots)
Stlth    ++........             u - amulet of regeneration
HPRegen  0.58/turn              (no ring)
MPRegen  0.19/turn              (no ring)

@: no status effects
A: slimy green scales 1, robust 1
a: Divine Energy, Renounce Religion


You were on level 11 of the Dungeon.
You worshipped Sif Muna.
Sif Muna was pleased with you.
You were not hungry.

You visited 2 branches of the dungeon, and saw 12 of its levels.

You collected 661 gold pieces.
You spent 266 gold pieces at shops.

Inventory:

Hand Weapons
 b - the +7 dire flail of the Spectre (weapon) {freeze, rPois}
   (You found it on level 11 of the Dungeon)

   It has been specially enchanted to freeze those struck by it, causing extra
   injury to most foes and up to half again as much damage against particularly
   susceptible opponents.
   It can also slow down cold-blooded creatures.
   It protects you from poison.
 C - a +1 dagger of venom
Missiles
 o - 168 arrows
Armour
 k - a +2 helmet (worn)
 m - a +1 robe of magic resistance (worn)
 p - a +0 troll leather armour
 w - the +2 pair of boots of the Burgomaster {rElec Regen+ MP-9 Dex+5}
   (You bought it in a shop on level 4 of the Dungeon)

   It affects your dexterity (+5).
   It insulates you from electricity.
   It affects your magic capacity (-9).
   It increases your rate of regeneration.
 y - a +0 cloak (worn)
Jewellery
 n - an uncursed amulet of harm
 s - an uncursed ring of fire
 t - a +2 amulet of reflection
 u - an amulet of regeneration (around neck)
Wands
 q - a wand of iceblast (8)
 r - a wand of polymorph (10)
 x - a wand of acid (10)
 D - a wand of flame (13)
Scrolls
 e - a scroll of teleportation
 l - 2 scrolls of fog
 z - 3 scrolls of remove curse
 A - a scroll of amnesia
Potions
 a - 3 potions of flight
 d - 6 potions of ambrosia
 f - 2 potions of resistance
 g - 4 potions of curing
 h - a potion of cancellation
 i - 2 potions of heal wounds
 j - 2 potions of invisibility
 v - 2 potions of haste
 B - a potion of might
Comestibles
 c - 9 rations
 E - a chunk of flesh


   Skills:
   Level 0.7 Long Blades
 * Level 4.2 Armour
 * Level 6.4 Dodging
 - Level 2.4 Stealth
 + Level 9.4 Spellcasting
 * Level 3.2 Charms
 * Level 10.8 Summonings
 - Level 5.0 Ice Magic
 * Level 3.6 Invocations


You had 14 spell levels left.
You knew the following spells:

 Your Spells              Type           Power        Failure   Level  Hunger
a - Summon Small Mammal   Summ           ####         1%          1    None
b - Call Imp              Summ           ######..     1%          2    None
c - Summon Ice Beast      Ice/Summ       #####...     2%          4    ##.....
d - Summon Lightning Spi  Summ/Air       #####...     6%          4    ##.....
e - Swiftness             Chrm/Air       ###.....     4%          2    None

Your spell library contained the following spells:

 Spells                   Type           Power        Failure   Level  Hunger
 Call Canine Familiar     Summ           ######..     1%          3    None
 Summon Guardian Golem    Hex/Summ       #####...     1%          3    None
 Shock                    Conj/Air       ##..         5%          1    None
 Static Discharge         Conj/Air       ##......     17%         3    None
 Airstrike                Air            ##........   50%         4    ##.....
 Lightning Bolt           Conj/Air       ##........   83%         5    ####...


Dungeon Overview and Level Annotations

Branches:
Dungeon (11/15)            Temple (1/1) D:7             Orc (0/2) D:9
   Lair: D:8-11

Altars:
Ashenzari
Cheibriados
Dithmenos
Elyvilon
Fedhas
Gozag
Hepliaklqana
Kikubaaqudgha
Makhleb
Nemelex Xobeh
Okawaru
Qazlal
Ru
Sif Muna
Trog
Uskayaw
Vehumet
Wu Jian
Xom
Yredelemnul
Zin
The Shining One

Shops:
D:4 [   D:6 *   D:7 ?


Innate Abilities, Weirdness & Mutations

You are partially covered in slimy green scales. (AC +2)
You are robust. (+10% HP)


Message History

Confirm with . or Enter, or press ? or * to list all spells.
Aiming: Summon Lightning Spire (safe; 6% risk of failure)
Press: ? - help, Dir - move target cursor An electric hum fills the air.
What are your orders? t - Shout!
Orders for allies: a - Attack new target. r - Retreat! s - Stop attacking. g - Guard the area. f - Follow me.
Anything else - Cancel.
Gang up on whom?
Press: ? - help, Dir - move target cursor, f - cyclops
Aim: a cyclops Attack!
Your lightning spire shoots out a bolt of lightning at the cyclops!
The bolt of electricity hits the cyclops.
The cyclops throws a large rock.
The large rock barely misses your ice beast.
The large rock hits you!!
You die...

#<....#........... #.
#.....#........# #.
#.....#........# ...+ #.
...####........# ...# ..
##.#...........### ...# ..
#.#.............# ...#
#.'.(...........# ...#
#(#.............# ...
##.#...........Y@####'###...
...#.............Y..C.......
...#.............8..........
...#####....................
.......+....................
.
.......#....................
.
.......##...................
.
..=.....+...................
# ........#
.................. #


You could see a cyclops, 2 friendly ice beasts and a friendly lightning spire.

Vanquished Creatures
  Eustachio (D:4)
  A scorpion (D:8)
  A hound zombie (D:7)
  2 adders (D:3)
  A shadow imp (D:8)
  3 orcs
  A goblin (D:1)
  A rat (D:1)
11 creatures vanquished.

Vanquished Creatures (collateral kills)
  2 two-headed ogres
  A manticore (D:11)
  A cyclops (D:11)
  A gargoyle (D:9)
  A troll (D:10)
  A hornet (D:8)
  Prince Ribbit (D:9)
  A hippogriff (D:11)
  Sigmund (D:6)
  A wyvern (D:10)
  4 yaks (D:11)
  2 hungry ghosts (D:7)
  Edmund (D:6)
  A water moccasin (D:9)
  Duvessa (D:7)
  3 orc warriors
  3 ice beasts
  A hornet zombie (D:8)
  6 ogres
  2 sky beasts (D:6)
  A centaur (D:6)
  3 bullfrogs
  A water moccasin zombie (D:8)
  Dowan (D:7)
  5 scorpions
  11 killer bees
  9 wights
  7 crimson imps
  A bullfrog zombie (D:8)
  4 hounds
  5 orc priests
  3 jellies
  8 orc wizards
  A bullfrog skeleton (D:7)
  An iguana (D:10)
  7 worker ants
  Terence (D:3)
  A hound zombie (D:5)
  A hound skeleton (D:10)
  2 worker ant zombies
  7 gnolls
  12 adders
  7 shadow imps
  An ooze (D:2)
  4 worms
  An adder zombie (D:7)
  2 leopard geckos
  34 orcs
  A ball python (D:2)
  2 bats
  5 giant cockroaches
  7 goblins
  7 hobgoblins
  11 jackals
  3 kobolds
  8 quokkas
  4 frilled lizards
  A quokka skeleton (D:4)
  7 rats
232 creatures vanquished.

Grand Total: 243 creatures vanquished

Notes
Turn   | Place    | Note
-------+----------+-------------------------------------------
     0 | D:1      | matakusis the Deep Elf Summoner began the quest for the
                  | Orb.
     0 | D:1      | Reached XP level 1. HP: 10/10 MP: 6/6
    59 | D:1      | Found a glowing golden altar of the Shining One.
   399 | D:1      | Reached XP level 2. HP: 15/15 MP: 5/8
   403 | D:1      | Learned a level 2 spell: Call Imp
   700 | D:2      | Found a faded altar of an unknown god.
   930 | D:2      | Found a white marble altar of Elyvilon.
   941 | D:2      | Reached skill level 5 in Summonings
  1164 | D:2      | Reached XP level 3. HP: 19/19 MP: 4/9
  1595 | D:3      | Noticed Terence
  1605 | D:3      | Killed Terence
  1676 | D:3      | Reached XP level 4. HP: 13/24 MP: 5/11
  1815 | D:3      | Reached skill level 1 in Armour
  2557 | D:4      | Found an ancient bone altar of Kikubaaqudgha.
  2664 | D:4      | Found a stormy altar of Qazlal.
  2751 | D:4      | Found Iwnot's Antique Armour Boutique.
  2788 | D:4      | Reached XP level 5. HP: 28/28 MP: 8/13
  2798 | D:4      | Learned a level 4 spell: Summon Ice Beast
  2803 | D:4      | Learned a level 4 spell: Summon Lightning Spire
  2894 | D:4      | Noticed Eustachio
  2976 | D:4      | Killed Eustachio
  2976 | D:4      | Reached skill level 6 in Summonings
  3237 | D:4      | Reached skill level 1 in Ice Magic
  3333 | D:4      | Reached XP level 6. HP: 32/32 MP: 11/15
  3350 | D:4      | Reached skill level 5 in Spellcasting
  3920 | D:5      | Entered Level 5 of the Dungeon
  4204 | D:5      | Noticed an ice beast
  4222 | D:5      | Killed an ice beast
  4706 | D:4      | Bought a pair of encrusted boots for 266 gold pieces
  4711 | D:4      | Identified the +2 pair of boots of the Burgomaster {rElec
                  | Regen+ MP-9 Dex+5} (You bought it in a shop on level 4 of
                  | the Dungeon)
  4774 | D:5      | Found a bloodstained altar of Trog.
  4853 | D:6      | Noticed a sky beast
  4866 | D:6      | Killed a sky beast
  4866 | D:6      | Reached skill level 7 in Summonings
  4866 | D:6      | Reached XP level 7. HP: 36/36 MP: 10/17
  5016 | D:6      | Gained mutation: You are partially covered in slimy green
                  | scales. (AC +2) [potion of mutation]
  5016 | D:6      | Gained mutation: You are robust. (+10% HP) [potion of
                  | mutation]
  5161 | D:6      | Noticed Edmund
  5187 | D:6      | Killed Edmund
  5382 | D:6      | Noticed Sigmund
  5401 | D:6      | Killed Sigmund
  5627 | D:6      | Found Luip's General Store.
  5648 | D:6      | Found a sacrificial altar of Ru.
  5677 | D:6      | Found a deep blue altar of Sif Muna.
  5681 | D:6      | Became a worshipper of Sif Muna the Loreminder
  6018 | D:7      | Noticed a hungry ghost
  6024 | D:7      | Killed a hungry ghost
  6024 | D:7      | Reached XP level 8. HP: 45/45 MP: 9/19
  6169 | D:7      | Found Qaothut's Magic Scroll Boutique.
  6263 | D:7      | Reached skill level 8 in Summonings
  6390 | D:7      | Found a staircase to the Ecumenical Temple.
  6391 | D:7      | Noticed Duvessa
  6393 | D:7      | Noticed Dowan
  6401 | D:7      | Killed Duvessa
  6405 | D:7      | Killed Dowan
  6419 | Temple   | Entered the Ecumenical Temple
  6608 | D:7      | Found an opulent altar of Gozag.
  6928 | D:7      | Reached skill level 5 in Dodging
  7297 | D:8      | Noticed a two-headed ogre
  7304 | D:8      | Reached skill level 1 in Invocations
  7412 | D:8      | Killed a two-headed ogre
  7412 | D:8      | Reached * piety under Sif Muna
  7565 | D:8      | Noticed a hornet
  7573 | D:8      | Killed a hornet
  7573 | D:8      | Reached XP level 9. HP: 49/49 MP: 5/22
  7589 | D:8      | Reached skill level 9 in Summonings
  7669 | D:8      | Reached skill level 5 in Ice Magic
  8206 | D:9      | Noticed a gargoyle
  8317 | D:9      | Killed a gargoyle
  8429 | D:9      | Noticed Prince Ribbit
  8441 | D:9      | Killed Prince Ribbit
  8516 | D:9      | Learned a level 2 spell: Swiftness
  8744 | D:9      | Found a staircase to the Orcish Mines.
  8945 | D:10     | Entered Level 10 of the Dungeon
  9047 | D:10     | Reached skill level 1 in Charms
  9147 | D:10     | Noticed a two-headed ogre
  9462 | D:10     | Reached skill level 10 in Summonings
  9485 | D:10     | Noticed a troll
  9732 | D:10     | Killed a troll
  9732 | D:10     | Reached ** piety under Sif Muna
 10319 | D:11     | Noticed a two-headed ogre
 10332 | D:11     | Killed a two-headed ogre
 10332 | D:11     | Reached XP level 10. HP: 55/55 MP: 5/25
 10479 | D:11     | Got a smoking dire flail
 10480 | D:11     | Identified the +7 dire flail of the Spectre {freeze, rPois}
                  | (You found it on level 11 of the Dungeon)
 10562 | D:11     | Noticed a cyclops
 10563 | D:11     | Noticed a manticore
 10585 | D:11     | Killed a manticore
 10592 | D:11     | Killed a cyclops
 10730 | D:11     | Noticed a cyclops
 10740 | D:11     | Hit by a large rock thrown by a cyclops

Skill      XL: |  1  2  3  4  5  6  7  8  9 10 |
---------------+-------------------------------+-----
Summonings     | 5 6 7 8 10 | 10.8
Armour         | 1 2 3 4 |  4.2
Spellcasting   | 4 5 6 7 9 |  9.4
Dodging        | 3 4 5 6 |  6.4
Ice Magic      | 1 3 4 5 |  5.0
Invocations    | 1 3 |  3.6
Charms         | 2 3 |  3.2
Long Blades    | |  0.7
Stealth        | |  2.4

Action                   |  1- 3 |  4- 6 |  7- 9 | 10-12 || total
-------------------------+-------+-------+-------+-------++-------
Melee: Unarmed           |    14 |       |       |       ||    14
       Hand axe          |       |    26 |     6 |       ||    32
       Falchion          |       |       |    24 |       ||    24
       Dagger            |       |       |     2 |       ||     2
 Cast: Summon Small Mamm |    26 |       |       |       ||    26
       Call Imp          |    29 |    43 |     5 |       ||    77
       Summon Ice Beast  |       |    18 |   116 |     6 ||   140
       Summon Lightning  |       |       |    41 |     8 ||    49
  Use: Scroll            |    10 |     6 |    11 |       ||    27
       Potion            |       |     1 |     4 |       ||     5
  Eat: Chunk             |     4 |    12 |    28 |     2 ||    46
       Ration            |       |       |     1 |       ||     1
Armor: Robe              |     7 |     8 |    25 |       ||    40
Dodge: Dodged            |    15 |    40 |    68 |       ||   123
Block: Other             |       |     2 |       |       ||     2
       Rpst.: Falchion   |       |       |    16 |       ||    16
